 Dungeon Crawl Stone Soup version 0.18-a0-1203-gbde16db (webtiles) character file.

2084 Ghalim the Basher (level 9, 0/60 HPs)
             Began as a Gargoyle Fighter on Feb 1, 2016.
             Slain by an orc warrior
             ... wielding a +0 great sword
              (20 damage)
             ... on level 4 of the Dungeon.
             The game lasted 00:13:58 (5787 turns).

Ghalim the Basher (Gargoyle Fighter)                Turns: 5787, Time: 00:13:58

Health: 0/60       AC: 14    Str: 29    XL:     9   Next: 27%
Magic:  18/18      EV:  8    Int:  8    God:
Gold:   298        SH: 14    Dex:  9    Spells: 0 memorised, 8 levels left

rFire  . . .     SeeInvis .     I - +2 flail (holy)
rCold  + . .     Gourm    .     z - +1 ring mail {MR+}
rNeg   + . .     Faith    .     c - +0 shield
rPois  ∞         Spirit   .     (no helmet)
rElec  +         Dismiss  .     (no cloak)
rCorr  .         Reflect  +     E - +1 pair of gloves
SustAt .         Harm     .     (no boots)
MR     +....                    n - +4 amulet of reflection
Stlth  ..........               y - ring of magical power
                                m - ring of protection from cold

@: mighty, somewhat resistant to hostile enchantments, extremely unstealthy
A: negative energy resistance 1, electricity resistance, unbreathing,
petrification resistance, rot immunity, AC +5
a: no special abilities


You were on level 4 of the Dungeon.
You were not hungry.

You visited 1 branch of the dungeon, and saw 5 of its levels.
You also visited: Ossuary.

You collected 298 gold pieces.

Inventory:

Hand Weapons
 I - a +2 flail of holy wrath (weapon)
Armour
 c - a +0 shield (worn)
 z - a +1 ring mail of magic resistance (worn)
 E - a +1 pair of gloves (worn)
Jewellery
 m - a ring of protection from cold (left hand)
 n - a +4 amulet of reflection (around neck)
 y - a ring of magical power (right hand)
Scrolls
 a - a scroll of enchant weapon {unknown}
 b - 2 scrolls of teleportation {unknown}
 e - 2 scrolls of identify
 g - 3 scrolls of remove curse
 p - 2 scrolls of immolation
 r - a scroll of magic mapping
 s - 2 scrolls of enchant armour {unknown}
 w - a scroll of fog {unknown}
 x - 2 scrolls of recharging
 C - 2 scrolls of fear {unknown}
 F - a scroll of noise {unknown}
Potions
 d - 3 potions of might
 h - 3 potions of resistance
 i - 3 potions of curing
 j - a potion of cure mutation
 k - a potion of brilliance
 o - 3 potions of magic
 q - 2 potions of heal wounds
 t - a potion of flight {unknown}
 u - 3 potions of invisibility
 v - 3 potions of cancellation {unknown}
 A - a potion of mutation {unknown}
 B - a potion of lignification {unknown}
Comestibles
 f - 5 bread rations
 l - 2 beef jerkies
 D - a meat ration
 G - 4 fruits
 H - a royal jelly


   Skills:
 + Level 8.7 Fighting
 + Level 9.6 Maces & Flails
 - Level 3.2 Armour
 - Level 3.2 Shields


You had 8 spell levels left.
You didn't know any spells.

Dungeon Overview and Level Annotations

Branches:
Dungeon (5/15)
 Temple: D:4-7

Altars:
Makhleb
Ru
Sif Muna
Trog
Yredelemnul
Zin
The Shining One


Innate Abilities, Weirdness & Mutations

You are resistant to torment.
Your stone body is resilient (AC +5).
You are immune to poison.
You resist negative energy.
You are resistant to electric shocks.
You can survive without breathing.
You are immune to petrification.
You are immune to rotting.


Message History

The orc warrior hits you with a great sword.
* * * LOW HITPOINT WARNING * * *
You barely miss the orc warrior.
The orc warrior hits you but does no damage.
You thump the orc warrior!
The orc warrior is moderately wounded.
You barely miss the orc warrior.
The orc warrior is moderately wounded.
You block the orc warrior's attack.
You hit the orc warrior.
The orc warrior is moderately wounded.
The orc warrior hits you with a great sword!
* * * LOW HITPOINT WARNING * * *
Drink which item? (? for menu, Esc to quit)
You feel much better.
The orc warrior hits you with a great sword.
Drink which item? (? for menu, Esc to quit)
You feel very mighty all of a sudden.
The orc warrior hits you with a great sword!!
You die...

#.#..........<.# #....
#.#............# #)...
#.....####...#.# #....
####### #...#.# #....
#...#.# #####....
#...#.# #........
#...#.####........
#.###............. #@#
######........ #o#
#........ #[# #[.......
#[########..)).###
#>.......(...))...
#######'###.########)###
#........<..########.#
#....................#
#....................#


You could see an orc warrior.

Vanquished Creatures
  The ghost of coatel the Cleaver, a novice DsWn (D:5)
  Grinder (D:4)
  Sigmund (D:3)
  Edmund (D:4)
  The ghost of Ghalim the Skirmisher, an amateur GrFi (D:3)
  2 ogres (D:4)
  Blork the orc (D:5)
  2 giant frogs (D:4)
  2 gnoll sergeants (D:4)
  A wight (D:4)
  4 centaur zombies
  A hound (D:5)
  An orc priest (D:4)
  4 orc wizards
  Natasha (thrice) (D:3)
  An iguana (D:4)
  3 big kobold zombies (Ossuary)
  2 mummies (Ossuary)
  A hound zombie (D:4)
  4 gnolls
  3 adders
  A shadow imp (D:5)
  An ooze (D:3)
  An adder zombie (Ossuary)
  2 worms (D:2)
  2 giant geckos (D:3)
  18 orcs
  8 bats
  3 giant cockroaches (D:1)
  7 goblins
  7 hobgoblins
  7 kobolds
  2 quokkas
  4 giant newts
  10 hobgoblin zombies (Ossuary)
  2 jackal zombies (Ossuary)
  8 kobold zombies (Ossuary)
  9 orc zombies (Ossuary)
  A quokka skeleton (D:4)
  5 rats
  A rat zombie (Ossuary)
139 creatures vanquished.

Vanquished Creatures (others)
  4 toadstools (D:1)
4 creatures vanquished.

Grand Total: 143 creatures vanquished

Notes
Turn   | Place    | Note
--------------------------------------------------------------
     0 | D:1      | Ghalim the Gargoyle Fighter began the quest for the Orb.
     0 | D:1      | Reached XP level 1. HP: 14/14 MP: 1/1
   178 | D:1      | Reached XP level 2. HP: 16/19 MP: 2/2
   615 | D:1      | Reached XP level 3. HP: 21/24 MP: 3/3
   881 | D:2      | Reached skill level 4 in Fighting
   914 | D:2      | Found a deep blue altar of Sif Muna.
   917 | D:2      | Found a basalt altar of Yredelemnul.
   917 | D:2      | Found a burning altar of Makhleb.
   919 | D:2      | Found a glowing golden altar of the Shining One.
   920 | D:2      | Found a sacrificial altar of Ru.
   948 | D:2      | Found a basalt altar of Yredelemnul.
  1002 | D:2      | Reached XP level 4. HP: 27/29 MP: 4/4
  1138 | D:2      | Found a bloodstained altar of Trog.
  1138 | D:2      | Found a glowing silver altar of Zin.
  1497 | D:3      | Noticed Ghalim's ghost (amateur GrFi)
  1641 | D:3      | Noticed Natasha
  1649 | D:3      | Killed Natasha
  1768 | D:3      | Noticed Sigmund
  1808 | D:3      | Killed Sigmund
  1808 | D:3      | Reached skill level 5 in Fighting
  1808 | D:3      | Reached skill level 5 in Maces & Flails
  1808 | D:3      | Reached XP level 5. HP: 31/35 MP: 5/5
  1808 | D:3      | Reached XP level 6. HP: 35/40 MP: 6/6
  2028 | D:3      | Noticed Natasha
  2046 | D:3      | Killed Natasha
  2353 | D:3      | Noticed Natasha
  3074 | D:3      | Killed Natasha
  3085 | D:3      | Killed Ghalim's ghost
  3085 | D:3      | Reached skill level 6 in Maces & Flails
  3085 | D:3      | Reached XP level 7. HP: 19/44 MP: 7/7
  3577 | D:4      | Found a sand-covered staircase.
  3613 | Ossuary  | Entered an ossuary
  4193 | D:4      | Noticed Grinder
  4207 | D:4      | Killed Grinder
  4207 | D:4      | Reached skill level 7 in Maces & Flails
  4207 | D:4      | Reached XP level 8. HP: 50/52 MP: 8/8
  4421 | D:4      | Reached skill level 8 in Maces & Flails
  4877 | D:4      | Noticed Edmund
  4892 | D:4      | Killed Edmund
  5012 | D:5      | Entered Level 5 of the Dungeon
  5463 | D:5      | Noticed coatel's ghost (novice DsWn)
  5472 | D:5      | Killed coatel's ghost
  5472 | D:5      | Reached skill level 9 in Maces & Flails
  5472 | D:5      | Reached XP level 9. HP: 49/59 MP: 9/9
  5484 | D:5      | Noticed Blork the orc
  5772 | D:5      | Killed Blork the orc
  5787 | D:4      | Slain by an orc warrior

Vault maps used:
D:1:      ldierk_water_garden, minmay_misc_feat_secret_circle, nrook_mini_vaults
D:2:      grunt_temple_overflow_open, gammafunk_temple_overflow_wave,
          yredelemnul_altar_generic
D:3:      first_bread, uniq_sigmund, uniq_natasha
D:4:      enter_ossuary_1, minmay_surrounded, uniq_edmund, uniq_grinder
D:5:      lemuel_coloured_pillars_altar, sword_in_stone
Ossuary:  ossuary_tomb_1

Action                   |  1- 3 |  4- 6 |  7- 9 || total
-------------------------+-------+-------+-------++-------
Melee: Flail             |   186 |   171 |   376 ||   733
  Use: Scroll            |       |       |    11 ||    11
       Potion            |       |       |     2 ||     2
  Eat: Chunk             |       |     5 |     7 ||    12
       Meat ration       |       |     1 |       ||     1
